Map: Ever Dream LE

Players

Neeb

  • Race: Protoss Protoss
  • League: Master
  • Spawn Location: 1:00

Scarlett - Winner!

  • Race: Zerg Zerg
  • Spawn Location: 7:00

Event: DreamHack SC2 Masters 2020 Fall

VOD

Have the link to the VOD?

Description

Time

  • Played on: Sept. 13, 2020, 6:07 p.m.
  • Length: 15:44

All games in this series

Show
View Real Time Build Order
Export as new Build Order

Neeb Protoss 

Build Orders: 1 Gate Expand 

Get SALT Encoding   

  12  0:00  Probe  
  13  0:12  Probe  
  14  0:18  Pylon  
  14  0:25  Probe (Chrono Boost)  
  15  0:37  Probe (Chrono Boost)  
  15  0:40  Gateway  
  16  0:46  Probe (Chrono Boost)  
  16  0:49  Assimilator  
  17  0:51  Probe  
  18  1:04  Probe  
  19  1:16  Probe  
  20  1:25  Nexus  
  20  1:36  Cybernetics Core  
  20  1:38  Probe  
  21  1:43  Assimilator  
  21  1:50  Probe  
  21  1:52  Pylon  
  21  2:02  Probe (Chrono Boost)  
  22  2:09  Adept (Chrono Boost)  
  22  2:12  Probe (Chrono Boost)  
  22  2:13  Warp Gate  
  25  2:17  Probe (Chrono Boost)  
  25  2:22  Twilight Council  
  26  2:29  Probe  
  27  2:31  Adept (Chrono Boost)  
  29  2:37  Probe  
  29  2:41  Probe  
  31  2:49  Probe  
  32  2:52  Gateway  
  32  2:58  Gateway  
  32  2:59  Probe  
  32  3:02  Probe  
  32  3:04  Resonating Glaives (Chrono Boost)  
  34  3:12  Adept  
  36  3:14  Probe  
  36  3:16  Probe  
  38  3:26  Probe  
  39  3:28  Pylon  
  39  3:29  Probe  
  40  3:38  Assimilator  
  40  3:40  Probe (Chrono Boost)  
  40  3:41  Assimilator, Probe (Chrono Boost)  
  42  3:51  Pylon  
  42  3:52  Probe (Chrono Boost)  
  42  3:55  Probe (Chrono Boost)  
  44  3:57  Probe (Chrono Boost)  
  44  4:01  Adept x2  
  44  4:02  Probe  
  50  4:03  Adept  
  50  4:07  Probe  
  53  4:11  Stargate  
  53  4:12  Stargate  
  53  4:20  Pylon  
  53  4:22  Adept  
  53  4:23  Adept  
  57  4:29  Adept  
  59  4:37  Probe  
  59  4:38  Probe, Pylon  
  61  4:39  Pylon  
  61  4:46  Void Ray (Chrono Boost)  
  61  4:48  Void Ray (Chrono Boost)  
  61  4:49  Probe  
  61  4:50  Probe  
  71  5:05  Probe x2  
  71  5:11  Adept x3  
  75  5:17  Void Ray (Chrono Boost), Pylon  
  75  5:22  Void Ray (Chrono Boost)  
  83  5:33  Pylon  
  83  5:41  Nexus  
  83  5:52  Void Ray (Chrono Boost), Pylon  
  83  5:53  Void Ray (Chrono Boost)  
  83  5:55  Pylon  
  91  6:10  Adept x3  
  97  6:12  Probe x2  
  97  6:15  Pylon  
  99  6:22  Void Ray  
  99  6:24  Probe x2  
  99  6:25  Void Ray  
  109  6:36  Probe  
  109  6:37  Adept  
  112  6:41  Adept x2  
  112  6:44  Probe  
  117  6:49  Probe  
  117  6:50  Robotics Facility  
  117  6:52  Shield Battery  
  117  6:54  Probe  
  119  6:56  Probe  
  119  6:59  Void Ray  
  120  7:02  Probe  
  120  7:06  Void Ray, Probe  
  126  7:10  Probe  
  131  7:18  Probe  
  131  7:20  Pylon, Probe  
  133  7:23  Sentry  
  133  7:24  Probe  
  133  7:26  Assimilator x2  
  133  7:29  Protoss Air Weapons Level 1  
  136  7:30  Probe  
  136  7:33  Sentry, Probe  
  140  7:37  Forge  
  140  7:39  Immortal (Chrono Boost)  
  140  7:43  Probe  
  145  7:46  Probe  
  145  7:48  Probe, Pylon  
  147  7:59  Gateway x2  
  147  8:04  Immortal (Chrono Boost), Gateway  
  151  8:13  Protoss Ground Weapons Level 1 (Chrono Boost), Probe x2  
  151  8:18  Robotics Bay  
  153  8:23  Shield Battery, Photon Cannon, Pylon  
  153  8:24  Robotics Facility  
  153  8:32  Immortal (Chrono Boost), Pylon  
  153  8:34  Pylon  
  149  8:49  Blink  
  149  8:54  Templar Archives  
  149  8:55  Gateway  
  149  8:58  Gateway  
  149  9:03  Observer (Chrono Boost)  
  149  9:05  Photon Cannon  
  149  9:06  Photon Cannon  
  150  9:14  Disruptor (Chrono Boost)  
  153  9:22  Disruptor (Chrono Boost)  
  149  9:24  Stalker x6  
  149  9:27  Shield Battery  
  149  9:28  Shield Battery  
  161  9:31  Shield Battery  
  153  9:42  Disruptor (Chrono Boost)  
  140  9:50  Stalker x4  
  140  9:52  Adept  
  139  9:59  Probe  
  132  10:05  Immortal (Chrono Boost), Probe  
  132  10:06  Probe  
  119  10:14  Zealot x4  
  110  10:15  Disruptor (Chrono Boost), Zealot  
  110  10:18  Probe  
  110  10:19  Probe  
  112  10:27  Cybernetics Core  
  112  10:28  Protoss Ground Weapons Level 2 (Chrono Boost)  
  108  10:30  Probe  
  109  10:36  Observer (Chrono Boost)  
  109  10:57  Nexus  
  109  11:01  Pylon  
  109  11:03  High Templar x2  
  113  11:04  Sentry, Stalker  
  113  11:05  Stalker  
  113  11:09  Gateway  
  119  11:11  Archon  
  119  11:16  Gateway x2  
  119  11:17  Disruptor (Chrono Boost)  
  119  11:18  Disruptor (Chrono Boost), Pylon  
  125  11:21  Probe x2  
  125  11:22  Probe  
  126  11:33  Probe  
  126  11:36  Probe  
  126  11:37  Probe  
  127  11:40  Stalker x5  
  127  11:45  Probe  
  138  11:47  Disruptor (Chrono Boost)  
  138  11:49  Probe  
  138  11:51  Stalker x2  
  146  11:54  Probe  
  146  11:56  Disruptor  
  150  12:04  Assimilator  
  150  12:05  Assimilator  
  150  12:08  Photon Cannon  
  150  12:10  Shield Battery  
  150  12:17  Stalker x4  
  158  12:23  Observer  
  158  12:27  Stalker x3  
  164  12:31  Photon Cannon  
  164  12:35  Photon Cannon  
  161  12:38  Photon Cannon  
  161  12:49  Sentry x2  
  161  12:50  Stalker x3  
  171  12:52  Disruptor  
  171  12:54  Disruptor  
  173  13:05  Stalker x4  
  167  13:20  Stalker  
  167  13:21  Stalker x4  
  167  13:28  Disruptor  
  170  13:35  Stalker x2  
  170  13:51  Stalker x6  
  148  14:09  Stalker x4  
  133  14:13  Psionic Storm  
  127  14:24  High Templar x2  
  127  14:25  High Templar  
  133  14:37  Nexus  
  133  14:41  High Templar, Pylon  
  133  14:45  Zealot, High Templar  
  137  14:46  Zealot x4  
  137  14:50  Photon Cannon  
  147  15:01  Photon Cannon  
  155  15:12  Zealot, High Templar x2  
  161  15:18  Archon  
  133  15:29  Zealot x6  
Show
View Real Time Build Order
Export as new Build Order

Scarlett Zerg - Winner!

Build Orders: Hatch First, Lurkers, Roach Hydra 

Get SALT Encoding   

  12  0:00  Drone  
  13  0:12  Overlord  
  13  0:16  Drone  
  14  0:30  Drone x2  
  16  0:49  Hatchery  
  15  0:50  Drone  
  15  0:56  Drone  
  17  0:58  Drone  
  18  1:10  Extractor  
  17  1:12  Spawning Pool  
  17  1:16  Drone  
  17  1:21  Drone  
  18  1:29  Drone  
  19  1:39  Drone  
  20  1:49  Overlord  
  20  1:58  Queen  
  20  2:01  Queen  
  22  2:02  Drone x2  
  26  2:12  Drone x2  
  28  2:18  Metabolic Boost  
  28  2:21  Drone  
  29  2:23  Drone  
  30  2:34  Zergling x4  
  32  2:41  Hatchery  
  31  2:46  Drone  
  31  2:47  Overlord  
  32  2:54  Drone  
  32  2:57  Queen  
  32  2:58  Drone  
  36  3:07  Drone x5  
  41  3:16  Queen  
  43  3:21  Zergling x2  
  43  3:29  Overlord  
  43  3:35  Roach Warren  
  43  3:37  Overlord  
  42  3:42  Drone  
  42  3:48  Drone x2  
  45  3:50  Drone x2  
  45  3:54  Queen  
  49  3:55  Overlord  
  49  3:59  Drone x2  
  51  4:05  Drone x2, Spine Crawler  
  51  4:06  Drone  
  51  4:08  Zergling x2  
  54  4:11  Zergling x8  
  54  4:16  Roach  
  62  4:24  Roach x2  
  62  4:26  Roach x3  
  70  4:38  Overlord  
  70  4:39  Zergling x6  
  70  4:44  Zergling x4  
  74  4:48  Spore Crawler  
  74  4:49  Spore Crawler x2  
  71  4:59  Overlord  
  71  5:00  Drone x10  
  71  5:04  Lair  
  78  5:09  Drone x4  
  78  5:12  Drone  
  81  5:23  Drone x8  
  81  5:26  Extractor  
  81  5:28  Evolution Chamber, Extractor  
  86  5:29  Drone, Extractor  
  86  5:35  Drone x3  
  89  5:36  Overlord  
  89  5:37  Overlord  
  89  5:41  Overlord x2  
  89  5:43  Drone  
  89  5:47  Overlord  
  90  5:51  Extractor  
  90  5:52  Overlord x3  
  89  5:57  Zerg Missile Weapons Level 1  
  89  5:59  Drone x5  
  89  6:02  Queen  
  89  6:03  Extractor  
  95  6:08  Hydralisk Den  
  94  6:12  Overseer  
  94  6:17  Drone x6  
  100  6:20  Roach x4  
  100  6:21  Glial Reconstitution  
  108  6:31  Overlord x4  
  99  6:41  Roach x6  
  99  6:43  Roach  
  99  6:44  Roach  
  115  6:52  Grooved Spines  
  115  6:54  Hydralisk x3  
  121  7:02  Hydralisk x4  
  129  7:11  Hydralisk x3  
  135  7:17  Hydralisk x2  
  139  7:27  Hydralisk x4  
  147  7:44  Hydralisk x5  
  147  7:50  Overlord x4  
  157  7:55  Zerg Missile Weapons Level 2  
  157  7:59  Hatchery  
  156  8:09  Muscular Augments  
  156  8:12  Hydralisk x4  
  156  8:13  Unknown  
  156  8:16  Hydralisk x2  
  167  8:21  Spore Crawler  
  167  8:24  Hydralisk x2  
  170  8:31  Hydralisk x2  
  174  8:36  Hatchery  
  171  8:43  Hydralisk x4  
  180  8:55  Zergling x8  
  180  8:56  Ravager x3  
  180  9:02  Zergling x8, Spore Crawler  
  189  9:03  Zergling x4  
  189  9:06  Infestation Pit  
  190  9:10  Zergling x2  
  190  9:15  Overseer  
  179  9:24  Hydralisk x9  
  179  9:30  Zergling x4  
  179  9:31  Zergling x2  
  192  9:44  Roach x9  
  197  9:49  Roach  
  197  9:50  Roach x6  
  195  9:56  Roach x2  
  195  9:57  Roach x2  
  181  10:06  Roach x5  
  131  10:22  Drone x9  
  131  10:23  Drone x3  
  133  10:31  Hive  
  133  10:34  Extractor x2  
  131  10:37  Zerg Melee Weapons Level 1  
  131  10:43  Drone x3  
  131  10:44  Drone x3  
  131  10:45  Drone  
  131  10:46  Drone, Hydralisk  
  141  10:58  Tunneling Claws, Burrow, Hydralisk  
  141  10:59  Hydralisk x3  
  149  11:05  Drone x5  
  149  11:09  Hydralisk  
  149  11:10  Hydralisk x2  
  160  11:15  Drone, Lurker Den  
  160  11:20  Hydralisk x4  
  160  11:22  Overseer  
  167  11:42  Viper x4  
  167  11:44  Viper  
  167  11:46  Hydralisk x6  
  194  11:52  Overlord  
  194  12:03  Spine Crawler, Spore Crawler  
  194  12:07  Hydralisk x3  
  198  12:13  Seismic Spines  
  198  12:25  Hydralisk  
  200  12:33  Hydralisk x5  
  200  12:40  Zerg Missile Weapons Level 3  
  200  12:43  Evolution Chamber  
  199  12:45  Overseer x2  
  197  12:51  Hydralisk  
  196  13:02  Overlord x2  
  196  13:04  Overseer  
  186  13:11  Hydralisk x6, Adaptive Talons  
  182  13:22  Viper  
  182  13:23  Viper x2  
  172  13:30  Hydralisk  
  172  13:31  Hydralisk x4, Zergling x8  
  172  13:32  Zergling x24  
  172  13:33  Adrenal Glands  
  198  13:37  Hydralisk x2  
  197  13:51  Hydralisk x4  
  199  14:01  Hydralisk x15  
  184  14:15  Overlord x2  
  182  14:18  Overseer  
  182  14:20  Hatchery  
  182  14:21  Overlord x2  
  181  14:34  Lurker x7  
  181  14:35  Lurker  
  181  14:36  Zergling x2  
  181  14:38  Overlord  
  190  14:42  Lurker x2  
  190  14:43  Zergling x12  
  190  14:44  Zergling x4  
  200  14:55  Infestation Pit  
  200  14:57  Ultralisk Cavern  
  199  15:05  Lurker  
  200  15:07  Overseer  
  200  15:08  Overseer x2  
  198  15:31  Extractor  
  198  15:32  Extractor  

Tags
 
Add a new tag
Caveats
  • Supply blocks, unpowered buildings, or Contaminate may cause inaccurate times.
  • Supply counts are checked every 10 seconds.